 Dungeon Crawl Stone Soup version 0.31.0-12-g77e489cdc1 (webtiles) character file.

Game seed: 13810456400428446599

217 gohu the Digger (level 5, 0/28 HPs)
             Began as a Gargoyle Earth Elementalist on Feb 23, 2024.
             Slain by an ogre
             ... wielding a +0 giant club
              (18 damage)
             ... on level 4 of the Dungeon.
             The game lasted 00:13:59 (3198 turns).

gohu the Digger (Gargoyle Earth Elementalist)       Turns: 3198, Time: 00:13:59

Health: 0/28       AC:  7    Str: 12    XL:     5   Next: 94%
Magic:  8/8        EV: 11    Int: 17    God:
Gold:   147        SH:  0    Dex: 10    Spells: 4/8 levels left

rFire   . . .        (no weapon)
rCold   . . .        (no shield)
rNeg    + + .        a - +0 robe
rPois   ∞            (no helmet)
rElec   +            s - +0 cloak
rCorr   +            (no gloves)
SInv    .            (no boots)
Will    .....        r - amulet of magic regeneration
Stlth   ++           u - ring of resist corrosion
HPRegen 0.24/turn    y - ring of positive energy
MPRegen 0.51/turn

%: no passive effects
@: no status effects
A: sickness immunity, AC +4, negative energy resistance 1, electricity
resistance, torment resistance 1, petrification resistance
a: no special abilities


You were on level 4 of the Dungeon.
You visited 1 branch of the dungeon, and saw 4 of its levels.

You collected 147 gold pieces.

Inventory:

Hand Weapons
 g - a +0 whip
 t - a +1 short sword
Missiles
 e - a throwing net
 o - 13 stones
Armour
 a - a +0 robe (worn)
 p - a +0 kite shield
 s - a +0 cloak (worn)
Jewellery
 r - an amulet of magic regeneration (around neck)
 u - a ring of resist corrosion (left hand)
 y - a ring of positive energy (right hand)
Scrolls
 d - a scroll of revelation {unknown}
 i - a scroll of identify
Potions
 b - a potion of magic
 c - a potion of curing
 h - a potion of attraction {unknown}
 j - a potion of degeneration {unknown}
 l - a potion of brilliance {unknown}
 q - a potion of lignification {unknown}
 v - 2 potions of enlightenment {unknown}


   Skills:
 - Level 1.5 Dodging
 - Level 2.1 Stealth
 - Level 2.0 Spellcasting
 * Level 2.5 Conjurations
 - Level 0.1 Necromancy
 + Level 7.2 Earth Magic


You had 4 spell levels left.
You knew the following spells:

 Your Spells              Type           Power      Damage    Failure   Level
a - Sandblast             Erth           52%        2d12      1%          1
b - Stone Arrow           Conj/Erth      36%        3d9       8%          3

Your spell library contained the following spells:

 Spells                   Type           Power      Damage    Failure   Level
 Passwall                 Erth           26%        N/A       3%          3
 Brom's Barrelling Bould  Conj/Erth      18%        2d4       26%         4
 Ensorcelled Hibernation  Hex/Ice        2%         N/A       28%         2
 Petrify                  Alch/Erth      14%        N/A       41%         4
 Swiftness                Air            1%         N/A       50%         3


Dungeon Overview and Level Annotations

Branches:
Dungeon (4/15)
 Temple: D:4-7

Altars:
Xom


Innate Abilities, Weirdness & Mutations

You are immune to sickness and miasma.
Your stone body is resilient. (AC +4)
You are immune to poison.
You resist negative energy. (rN+)
You are resistant to electric shocks. (rElec)
You are resistant to unholy torment.
You are immune to petrification.


Message History

Press: ? - help, Q - select action, (/) - cycle Shift-Dir - straight line, f - iguana
Aim: an iguana (85% to hit)
The blast of sand hits the iguana!
The iguana is heavily wounded.
The iguana bites you. The iguana bites you!
Aiming: Sandblast (safe; 1% risk of failure)
Press: ? - help, Q - select action, (/) - cycle Shift-Dir - straight line, f/p - iguana
Aim: an iguana (heavily wounded, 85% to hit)
The blast of sand hits the iguana!
You kill the iguana!
Magic restored.
You hear the slow rusting of a very distant drain.
HP restored.
You see here an iguana corpse.
d - a scroll labelled BAZ WUANWERE An ogre comes into view.
It is wielding a +0 giant club.
The ogre moves out of view.
You see here an iguana corpse.
There is a stone staircase leading up here.
You hear the slow rusting of a very distant drain.
You climb upwards.
There is a stone staircase leading down here.
There is an open door here.
You open the door.
There is an open door here.
There is an open door here.
You open the door.
There is an open door here.
There is a stone staircase leading down here.
You climb downwards.
You hear the sound of rushing water.
There is an entrance to a sewer on this level.
Hurry and find it before the portal rusts away!
You hear the slow rusting of a very distant drain.
The ogre hits you with a +0 giant club!
There is a stone staircase leading up here.
The ogre attacks as it pursues you! The ogre hits you with a +0 giant club.
The ogre attacks as it pursues you!
The ogre hits you with a +0 giant club!!
Ouch! That really hurt!
You die...

#### #.. #.#
#.###########.. .#
#.#............# #.#
#.....O@...# #.# ##.#
#.<.####.#.# #.# #..#
#...# #.#.# #.# #..#
##...# #.#.# #.# #..#
#.<..# ##.#.###.###..#
#...)###.............###.
#....##.....###..........
##....#........†.....<..#.
#............#######.##.#


You could see an ogre.

Vanquished Creatures
  A phantom (D:4)
  An iguana (D:4)
  A gnoll (D:2)
  3 adders (D:2)
  2 dart slugs (D:1)
  2 ribbon worms (D:2)
  6 endoplasms
  2 giant cockroaches
  7 hobgoblins
  5 jackals
  9 kobolds
  5 quokkas
  4 ball pythons
  7 bats
  4 frilled lizards
  5 goblins
  7 rats
71 creatures vanquished.

Notes
Turn   | Place    | Note
-------+----------+-------------------------------------------
     0 | D:1      | gohu the Gargoyle Earth Elementalist began the quest for
                  | the Orb.
     0 | D:1      | Reached XP level 1. HP: 10/10 MP: 3/3
    51 | D:1      | Reached skill level 4 in Earth Magic
   111 | D:1      | Reached XP level 2. HP: 15/15 MP: 0/5
   495 | D:1      | Reached XP level 3. HP: 19/19 MP: 2/6
   551 | D:1      | Reached skill level 5 in Earth Magic
   598 | D:1      | Learned a level 3 spell: Stone Arrow
  1237 | D:2      | Reached XP level 4. HP: 24/24 MP: 4/7
  1399 | D:2      | Found a shimmering altar of Xom.
  1599 | D:2      | Reached skill level 6 in Earth Magic
  2825 | D:3      | Reached XP level 5. HP: 28/28 MP: 6/8
  3048 | D:4      | Noticed a phantom
  3053 | D:4      | Killed a phantom
  3054 | D:4      | Reached skill level 7 in Earth Magic
  3113 | D:4      | Noticed an ogre
  3198 | D:4      | Slain by an ogre

Illustrated notes

Levels and vault maps discovered:
D:1:      dpeg_arrival_shelter, layout_basic
D:2:      layout_loops_ring, basic_altar, st_stairs_5
D:3:      layout_loops_corners
D:4:      layout_loops_ring, minmay_temple_entry_proselytizer,
          lightli_sewer_entry_pipes, uniq_robin

Skill      XL: |  1  2  3  4  5 |
---------------+----------------+-----
Earth Magic    | 4 5 6 7 |  7.2
Conjurations   | 2 |  2.5
Dodging        | |  1.5
Stealth        | |  2.1
Spellcasting   | |  2.0
Necromancy     | |  0.1

Action                     |  1- 3 |  4- 6 || total
---------------------------+-------+-------++-------
  Melee: Unarmed           |    10 |       ||    10
   Cast: Sandblast         |    52 |    46 ||    98
    Use: Scroll            |       |     8 ||     8
 Armour: Robe              |    10 |     8 ||    18
  Dodge: Dodged            |    16 |     5 ||    21
